| TOP OF THE 1ST |
|
Burlington Royals batting - Pitching for Greeneville Astros : LHP Jorge Ortiz
|
|
Pitching: LHP Jorge Ortiz
|
|
|
Batting: RHB Kyle Finney
|
0-0: Ball 1-0: Ball 2-0: Foul Ball, location: 2F 2-1: Swinging Strike 2-2: Strikes out swinging
|
|
Batting: RHB Josh Massey
|
0-0: Ball 1-0: Ball 2-0: Foul Ball, location: 2F 2-1: Foul Ball, location: 2F 2-2: Foul Ball, location: 2F 2-2: Foul Ball, location: 2F 2-2: Fly out, F8 (Line Drive, 8LD, EV 106.9 MPH)
|
|
Batting: RHB Milanni Isaaka
|
0-0: Ball 1-0: Ball 2-0: Ground out 2-3 (Groundball, 2L, EV 68.1 MPH)
|
| Top of the 1st over - 0 runs, 0 hits, 0 errors, 0 left on base; Burlington 0 - Greeneville 0 |
| BOTTOM OF THE 1ST |
|
Greeneville Astros batting - Pitching for Burlington Royals : RHP Chris Elliott
|
|
Pitching: RHP Chris Elliott
|
|
|
Batting: RHB Bill Borden
|
0-0: Ball 1-0: Fly out, F8 (Flyball, 8LD, EV 110.0 MPH)
|
|
Batting: RHB Tim Williams
|
0-0: Called Strike 0-1: Fly out, F9 (Line Drive, 89M, EV 91.9 MPH)
|
|
Batting: LHB Josh Glass
|
0-0: Ball 1-0: Ball 2-0: Called Strike 2-1: Ball 3-1: Foul Ball, location: 2F 3-2: Foul Ball, location: 2F 3-2: SINGLE (Groundball, 34D, EV 103.8 MPH)
|
|
Batting: RHB Jamie Walker
|
0-0: 2-RUN HOME RUN (Flyball, 89XD, EV 95.6 MPH), Distance : 385 ft
|
|
Batting: LHB Bert Middleton
|
0-0: Called Strike 0-1: Swinging Strike 0-2: Ball 1-2: Foul Ball, location: 2F 1-2: Ground out 4-3 (Groundball, 4S, EV 86.9 MPH)
|
| Bottom of the 1st over - 2 runs, 2 hits, 0 errors, 0 left on base; Burlington 0 - Greeneville 2 |
| TOP OF THE 2ND |
|
Burlington Royals batting - Pitching for Greeneville Astros : LHP Jorge Ortiz
|
|
Batting: RHB Juan Nieves
|
0-0: Ball 1-0: Ball 2-0: Called Strike 2-1: Foul Ball, location: 2F 2-2: SINGLE (Groundball, 56D, EV 105.0 MPH)
|
|
Batting: RHB Donnie Bednarz
|
0-0: Fielders Choice at 2nd, 4-6 (Groundball, 34, EV 84.4 MPH)
|
|
Batting: RHB John Normand
|
0-0: Ball 1-0: Called Strike 1-1: Ball 2-1: Foul Ball, location: 2F 2-2: Fly out, F8 (Flyball, 8RM, EV 91.9 MPH)
|
|
Batting: RHB Nick Spriggs
|
0-0: Foul Ball, location: 2F 0-1: Called Strike 0-2: Strikes out swinging
|
| Top of the 2nd over - 0 runs, 1 hit, 0 errors, 1 left on base; Burlington 0 - Greeneville 2 |
| BOTTOM OF THE 2ND |
|
Greeneville Astros batting - Pitching for Burlington Royals : RHP Chris Elliott
|
|
Batting: LHB Guadalupe Gonzalez
|
0-0: Ball 1-0: Bunt missed! 1-1: Ball 2-1: Ball 3-1: DOUBLE (Groundball, 5D, EV 94.4 MPH)
|
|
Batting: RHB Josh Reisner
|
0-0: Called Strike 0-1: Swinging Strike 0-2: Foul Ball, location: 2F 0-2: Strikes out looking
|
|
Batting: RHB Mike Brisbin
|
0-0: Called Strike 0-1: Called Strike 0-2: Foul Ball, location: 2F 0-2: Ball 1-2: Strikes out swinging
|
|
Batting: RHB Daniel Gladkowski
|
0-0: Foul Ball, location: 2F 0-1: Swinging Strike Passed Ball! Guadalupe Gonzalez to third 0-2: Foul Ball, location: 2F 0-2: Foul Ball, location: 2F 0-2: Ball 1-2: Strikes out swinging
|
| Bottom of the 2nd over - 0 runs, 1 hit, 0 errors, 1 left on base; Burlington 0 - Greeneville 2 |
| TOP OF THE 3RD |
|
Burlington Royals batting - Pitching for Greeneville Astros : LHP Jorge Ortiz
|
|
Batting: RHB Danny Jefferies
|
0-0: Called Strike 0-1: Swinging Strike 0-2: Strikes out swinging
|
|
Batting: RHB Jimmy Black
|
0-0: Ball 1-0: Swinging Strike 1-1: Called Strike 1-2: Ball 2-2: Ball 3-2: Foul Ball, location: 2F 3-2: Foul Ball, location: 2F 3-2: Base on Balls
|
|
Batting: RHB Kyle Finney
|
0-0: Fielders Choice at 2nd, 5-4 (Groundball, 56S, EV 86.9 MPH)
|
|
Batting: RHB Josh Massey
|
0-0: Ball 1-0: Ball 2-0: Foul Ball, location: 2F 2-1: Foul Ball, location: 2F 2-2: Foul Ball, location: 2F 2-2: Foul Ball, location: 2F 2-2: SINGLE (Groundball, 6MD, EV 98.8 MPH) Kyle Finney to second Runner from 2nd tries for 3rd, SAFE, throw by CF made to third
|
|
Batting: RHB Milanni Isaaka
|
0-0: SINGLE (Line Drive, 4D, EV 101.9 MPH) Kyle Finney scores Josh Massey to second
|
|
Batting: RHB Juan Nieves
|
0-0: Called Strike 0-1: Ball 1-1: Called Strike 1-2: DOUBLE (Line Drive, 3D, EV 95.6 MPH) Josh Massey scores Milanni Isaaka to third Runner from 3rd tries for Home, SAFE, throw by RF to home
|
|
Batting: RHB Donnie Bednarz
|
0-0: Ball 1-0: Swinging Strike 1-1: Swinging Strike 1-2: Ball 2-2: Strikes out swinging
|
| Top of the 3rd over - 3 runs, 3 hits, 0 errors, 1 left on base; Burlington 3 - Greeneville 2 |
| BOTTOM OF THE 3RD |
|
Greeneville Astros batting - Pitching for Burlington Royals : RHP Chris Elliott
|
|
Batting: RHB Bill Borden
|
0-0: Ball 1-0: Called Strike 1-1: Ball 2-1: Ball 3-1: Swinging Strike 3-2: Base on Balls
|
|
Batting: RHB Tim Williams
|
0-0: Ball 1-0: Ball 2-0: Ball 3-0: Base on Balls Bill Borden to second
|
|
Batting: LHB Josh Glass
|
0-0: DOUBLE (Line Drive, 7LS, EV 98.1 MPH) Bill Borden scores Tim Williams to third
|
|
Batting: RHB Jamie Walker
|
0-0: Called Strike 0-1: Foul Ball, location: 2F 0-2: Strikes out swinging
|
|
Batting: LHB Bert Middleton
|
0-0: Called Strike 0-1: Foul Ball, location: 2F 0-2: Ball 1-2: Foul Ball, location: 2F 1-2: Ball 2-2: Ball 3-2: Strikes out looking
|
|
Batting: LHB Guadalupe Gonzalez
|
0-0: Called Strike 0-1: Called Strike 0-2: 3-RUN HOME RUN (Flyball, 9LD, EV 89.4 MPH), Distance : 334 ft
|
|
Pitching: LHP Omar Nogueira
|
|
|
Batting: RHB Josh Reisner
|
0-0: Ball 1-0: Ball 2-0: Swinging Strike 2-1: Ball 3-1: Base on Balls
|
|
Batting: RHB Mike Brisbin
|
0-0: Ball 1-0: Fly out, F8 (Flyball, 89XD, EV 96.2 MPH)
|
| Bottom of the 3rd over - 4 runs, 2 hits, 0 errors, 1 left on base; Burlington 3 - Greeneville 6 |
| TOP OF THE 4TH |
|
Burlington Royals batting - Pitching for Greeneville Astros : LHP Jorge Ortiz
|
|
Batting: RHB John Normand
|
0-0: Foul Ball, location: 2F 0-1: Hit by Pitch
|
|
Pinch Runner at 1st Simon Sultzbach:
|
|
|
Batting: RHB Nick Spriggs
|
0-0: Called Strike 0-1: Fly out, F7 (Flyball, 7, EV 98.8 MPH)
|
|
Batting: RHB Danny Jefferies
|
0-0: Called Strike 0-1: Called Strike 0-2: Ball 1-2: Strikes out looking
|
|
Batting: RHB Jimmy Black
|
0-0: SINGLE (Groundball, 34D, EV 101.2 MPH) Simon Sultzbach to second Runner from 2nd tries for 3rd, SAFE, throw by RF made to third
|
|
Batting: RHB Kyle Finney
|
0-0: Ball 1-0: Called Strike 1-1: Foul Ball, location: 2F 1-2: Ball 2-2: Foul Ball, location: 2F 2-2: Reached on error, E6 (Groundball, 6, EV 80.0 MPH) Simon Sultzbach scores Jimmy Black to second
|
|
Batting: RHB Josh Massey
|
0-0: Ball 1-0: Foul Ball, location: 2F 1-1: Ball 2-1: Ball Wild Pitch! Jimmy Black to third Kyle Finney to second 3-1: Base on Balls
|
|
Batting: RHB Milanni Isaaka
|
0-0: Called Strike 0-1: Swinging Strike 0-2: Ball 1-2: Ball 2-2: Foul Ball, location: 2F 2-2: Strikes out swinging
|
| Top of the 4th over - 1 run, 1 hit, 1 error, 3 left on base; Burlington 4 - Greeneville 6 |
| BOTTOM OF THE 4TH |
|
Greeneville Astros batting - Pitching for Burlington Royals : LHP Omar Nogueira
|
|
Now at 2B: Simon Sultzbach
|
|
|
Batting: RHB Daniel Gladkowski
|
0-0: Ground out 5-3 (Groundball, 56, EV 91.9 MPH)
|
|
Batting: RHB Bill Borden
|
0-0: Ball 1-0: Swinging Strike 1-1: Ball 2-1: Foul Ball, location: 2F 2-2: Foul Ball, location: 2F 2-2: Foul Ball, location: 2F 2-2: Ball 3-2: Base on Balls
|
|
Batting: RHB Tim Williams
|
0-0: Called Strike Bill Borden is caught stealing 2nd base 2-4 0-1: Ball 1-1: Ground out 5-3 (Groundball, 56S, EV 88.8 MPH)
|
| Bottom of the 4th over - 0 runs, 0 hits, 0 errors, 0 left on base; Burlington 4 - Greeneville 6 |
| TOP OF THE 5TH |
|
Burlington Royals batting - Pitching for Greeneville Astros : LHP Jorge Ortiz
|
|
Batting: RHB Juan Nieves
|
0-0: Ball 1-0: Ball 2-0: DOUBLE (Groundball, 3L, EV 108.1 MPH)
|
|
Batting: RHB Donnie Bednarz
|
0-0: 2-RUN HOME RUN (Flyball, 7D, EV 98.1 MPH), Distance : 392 ft
|
|
Batting: RHB Simon Sultzbach
|
0-0: Ball 1-0: Ball 2-0: Ground out 6-3 (Groundball, 6S, EV 74.4 MPH)
|
|
Batting: RHB Nick Spriggs
|
0-0: Ball 1-0: Ball 2-0: Called Strike 2-1: Ball 3-1: Ground out 4-3 (Groundball, 4S, EV 86.2 MPH)
|
|
Batting: RHB Danny Jefferies
|
0-0: Ball 1-0: Ball 2-0: Ball 3-0: Called Strike 3-1: Foul Ball, location: 2F 3-2: Ground out 1-3 (Groundball, 13, EV 66.2 MPH)
|
| Top of the 5th over - 2 runs, 2 hits, 0 errors, 0 left on base; Burlington 6 - Greeneville 6 |
| BOTTOM OF THE 5TH |
|
Greeneville Astros batting - Pitching for Burlington Royals : LHP Omar Nogueira
|
|
Batting: LHB Josh Glass
|
0-0: Ball 1-0: Foul Ball, location: 2F 1-1: Ball 2-1: Ball 3-1: Foul Ball, location: 2F 3-2: SINGLE (Line Drive, 8LS, EV 95.6 MPH)
|
|
Batting: RHB Jamie Walker
|
0-0: Ball 1-0: Foul Ball, location: 2F 1-1: Foul Ball, location: 2F 1-2: Ball 2-2: Strikes out swinging
|
|
Batting: LHB Bert Middleton
|
0-0: Called Strike 0-1: Swinging Strike 0-2: Strikes out looking
|
|
Batting: LHB Guadalupe Gonzalez
|
0-0: Foul Ball, location: 2F 0-1: Ball 1-1: Fly out, F7 (Flyball, 7, EV 88.1 MPH)
|
| Bottom of the 5th over - 0 runs, 1 hit, 0 errors, 1 left on base; Burlington 6 - Greeneville 6 |
| TOP OF THE 6TH |
|
Burlington Royals batting - Pitching for Greeneville Astros : LHP Jorge Ortiz
|
|
Pitching: RHP Tim Evans
|
|
|
Batting: RHB Jimmy Black
|
0-0: Ball 1-0: Foul Ball, location: 2F 1-1: Foul Ball, location: 2F 1-2: Foul Ball, location: 2F 1-2: Strikes out swinging
|
|
Batting: RHB Kyle Finney
|
0-0: Ball 1-0: Called Strike 1-1: Ball 2-1: Foul Ball, location: 2F 2-2: Foul Ball, location: 2F 2-2: Foul Ball, location: 2F 2-2: Ball 3-2: Foul Ball, location: 2F 3-2: Base on Balls
|
|
Batting: RHB Josh Massey
|
0-0: Called Strike Kyle Finney is caught stealing 2nd base 2-4 0-1: Foul Ball, location: 2F 0-2: SINGLE (Groundball, 34D, EV 95.0 MPH)
|
|
Batting: RHB Milanni Isaaka
|
0-0: Ball 1-0: Ball 2-0: Foul Ball, location: 2F 2-1: Swinging Strike 2-2: Strikes out looking
|
| Top of the 6th over - 0 runs, 1 hit, 0 errors, 1 left on base; Burlington 6 - Greeneville 6 |
| BOTTOM OF THE 6TH |
|
Greeneville Astros batting - Pitching for Burlington Royals : LHP Omar Nogueira
|
|
Batting: RHB Josh Reisner
|
0-0: Ball 1-0: Called Strike 1-1: SOLO HOME RUN (Flyball, 7LD, EV 98.1 MPH), Distance : 368 ft
|
|
Batting: RHB Mike Brisbin
|
0-0: Ball 1-0: Ball 2-0: Swinging Strike 2-1: Ball 3-1: Foul Ball, location: 2F 3-2: Foul Ball, location: 2F 3-2: DOUBLE (Line Drive, 7LM, EV 98.1 MPH)
|
|
Pitching: RHP Zong-yuan Xue
|
|
|
Batting: RHB Daniel Gladkowski
|
0-0: Called Strike 0-1: Foul Ball, location: 2F 0-2: Strikes out swinging
|
|
Batting: RHB Bill Borden
|
0-0: Ball 1-0: Swinging Strike 1-1: Foul Ball, location: 2F 1-2: Ball 2-2: Strikes out swinging
|
|
Batting: RHB Tim Williams
|
0-0: Foul Ball, location: 2F 0-1: 2-RUN HOME RUN (Flyball, 78XD, EV 108.1 MPH), Distance : 403 ft
|
|
Batting: LHB Josh Glass
|
0-0: Ball 1-0: Fly out, F6 (Line Drive, 6, EV 63.1 MPH)
|
| Bottom of the 6th over - 3 runs, 3 hits, 0 errors, 0 left on base; Burlington 6 - Greeneville 9 |
| TOP OF THE 7TH |
|
Burlington Royals batting - Pitching for Greeneville Astros : RHP Tim Evans
|
|
Batting: RHB Juan Nieves
|
0-0: Ball 1-0: Fly out, F7 (Line Drive, 7, EV 91.2 MPH)
|
|
Batting: RHB Donnie Bednarz
|
0-0: Called Strike 0-1: Fly out, F7 (Flyball, 7LS, EV 83.1 MPH)
|
|
Batting: RHB Simon Sultzbach
|
0-0: Ball 1-0: Ball 2-0: Called Strike 2-1: Swinging Strike 2-2: Foul Ball, location: 2F 2-2: Foul Ball, location: 2F 2-2: Ball 3-2: Base on Balls
|
|
Pitching: RHP Ernie Bell
|
|
|
Batting: RHB Nick Spriggs
|
0-0: Ball 1-0: Called Strike 1-1: Fielders Choice at 2nd, 6-4 (Groundball, 56D, EV 88.1 MPH)
|
| Top of the 7th over - 0 runs, 0 hits, 0 errors, 1 left on base; Burlington 6 - Greeneville 9 |
| BOTTOM OF THE 7TH |
|
Greeneville Astros batting - Pitching for Burlington Royals : RHP Zong-yuan Xue
|
|
Batting: RHB Jamie Walker
|
0-0: Foul Ball, location: 2F 0-1: Called Strike 0-2: Foul Ball, location: 2F 0-2: Foul Ball, location: 2F 0-2: Ground out 4-3 (Groundball, 34, EV 86.9 MPH)
|
|
Batting: LHB Bert Middleton
|
0-0: Ball 1-0: Foul Ball, location: 2F 1-1: Ground out 6-3 (Groundball, 6, EV 107.5 MPH)
|
|
Batting: LHB Guadalupe Gonzalez
|
0-0: Fly out, F7 (Flyball, 7LM, EV 109.4 MPH)
|
| Bottom of the 7th over - 0 runs, 0 hits, 0 errors, 0 left on base; Burlington 6 - Greeneville 9 |
| TOP OF THE 8TH |
|
Burlington Royals batting - Pitching for Greeneville Astros : RHP Ernie Bell
|
|
Now in LF: Ryan Fridley
|
|
|
Pinch Hitting: SHB Gary Woodroffe
|
0-0: Called Strike 0-1: Ball 1-1: Fly out, F7 (Flyball, 7LS, EV 89.4 MPH)
|
|
Batting: RHB Jimmy Black
|
0-0: Ball 1-0: Called Strike 1-1: Foul Ball, location: 2F 1-2: Strikes out swinging
|
|
Batting: RHB Kyle Finney
|
0-0: Swinging Strike 0-1: Foul Ball, location: 2F 0-2: Ball 1-2: Foul Ball, location: 2F 1-2: Ground out U3 (Groundball, 34, EV 105.6 MPH)
|
| Top of the 8th over - 0 runs, 0 hits, 0 errors, 0 left on base; Burlington 6 - Greeneville 9 |
| BOTTOM OF THE 8TH |
|
Greeneville Astros batting - Pitching for Burlington Royals : RHP Zong-yuan Xue
|
|
Now in RF: Javy Rueda
|
|
|
Batting: RHB Josh Reisner
|
0-0: Fly out, F9 (Flyball, 9D, EV 101.2 MPH)
|
|
Pinch Hitting: LHB Bob Neale
|
0-0: Ball 1-0: Called Strike 1-1: Ball 2-1: Ground out 4-3 (Groundball, 34, EV 88.1 MPH)
|
|
Batting: RHB Daniel Gladkowski
|
0-0: Foul Ball, location: 2F 0-1: Ground out U3 (Groundball, 34S, EV 86.9 MPH)
|
| Bottom of the 8th over - 0 runs, 0 hits, 0 errors, 0 left on base; Burlington 6 - Greeneville 9 |
| TOP OF THE 9TH |
|
Burlington Royals batting - Pitching for Greeneville Astros : RHP Ernie Bell
|
|
Pitching: RHP Marc Marchand
|
|
|
Now at 3B: Rory Mozer
|
|
|
Batting: RHB Josh Massey
|
0-0: Ball 1-0: Ball 2-0: Ball 3-0: Swinging Strike 3-1: Called Strike 3-2: Foul Ball, location: 2F 3-2: Base on Balls
|
|
Batting: RHB Milanni Isaaka
|
0-0: Ball 1-0: Ball 2-0: Called Strike 2-1: Fly out, F8 (Flyball, 8RM, EV 88.1 MPH)
|
|
Batting: RHB Juan Nieves
|
0-0: Ball 1-0: Swinging Strike 1-1: Ball 2-1: Ball Wild Pitch! Josh Massey to second 3-1: Called Strike 3-2: Foul Ball, location: 2F 3-2: Foul Ball, location: 2F 3-2: Fly out, F8 (Flyball, 78M, EV 81.9 MPH)
|
|
Pinch Hitting: RHB Chris Stec
|
0-0: Ground out 6-3 (Groundball, 56, EV 83.8 MPH)
|
| Top of the 9th over - 0 runs, 0 hits, 0 errors, 1 left on base; Burlington 6 - Greeneville 9 |
|